 Dungeon Crawl Stone Soup version 0.30-a0-371-gad7725a93e (webtiles) character file.

Game seed: 1449172460884836686

20834 kiwi3s the Severer (level 12, -1/175 HPs)
             Began as a Minotaur Berserker on Nov 18, 2022.
             Was a High Priest of Trog.
             Succumbed to Sonja's curare-tipped dart
             ... on level 11 of the Dungeon on Nov 21, 2022.
             The game lasted 00:25:08 (15175 turns).

kiwi3s the Severer (Minotaur Berserker)            Turns: 15175, Time: 00:25:09

Health: -1/175     AC: 23    Str: 23    XL:     12   Next: 48%
Magic:  11/11      EV:  8    Int: 10    God:    Trog [*****.]
Gold:   300        SH:  0    Dex: 14    Spells: 11/11 levels left

rFire   . . .      SeeInvis .    a - +0 hand axe
rCold   . . .      Faith    .    (no shield)
rNeg    . . .      Spirit   .    A - +0 plate armour
rPois   .          Reflect  .    (helmet restricted)
rElec   .          Harm     .    v - +0 cloak
rCorr   .          Rampage  .    F - +2 pair of gloves {infuse}
Will    +++..                    r - +0 pair of boots
Stlth   ..........               (no amulet)
HPRegen 1.49/turn                B - +6 ring of intelligence
MPRegen 0.12/turn                E - ring of willpower

@: berserking, lethally poisoned (-1 -> -19), strong-willed, regenerating,
slowed, studying Maces & Flails
A: horns 2, retaliatory headbutt
a: Renounce Religion, Berserk, Trog's Hand, Brothers in Arms


You were on level 11 of the Dungeon.
You worshipped Trog.
Trog was extremely pleased with you.
You visited 1 branch of the dungeon, and saw 11 of its levels.
You also visited: Ossuary.

You collected 938 gold pieces.
You spent 638 gold pieces at shops.

Inventory:

Hand Weapons
 a - a +0 hand axe (weapon)
 I - a +4 antimagic broad axe
 K - a +0 war axe
Missiles
 O - a throwing net (quivered)
Armour
 r - a +0 pair of boots (worn)
 v - a +0 cloak (worn)
 A - a +0 plate armour (worn)
 D - the +2 leather armour "Rumilig" {rPois Str+2 Int+4}
   (You found it on level 8 of the Dungeon)

   Str:       It affects your strength (+2).
   Int:       It affects your intelligence (+4).
   rPois:     It protects you from poison.
 F - a +2 pair of gloves of infusion (worn)
 H - the -1 cloak of the Desolation of Salt {rN+ Will+ Str+3}
   (You bought it in a shop on level 9 of the Dungeon)

   Str:       It affects your strength (+3).
   rN:        It protects you from negative energy.
   Will:      It increases your willpower.
Jewellery
 i - a ring of positive energy
 z - a ring of resist corrosion
 B - a +6 ring of intelligence (left hand)
 E - a ring of willpower (right hand)
Wands
 b - a wand of polymorph (4)
 q - a wand of paralysis (23)
Scrolls
 c - 8 scrolls of identify
 g - 2 scrolls of immolation {unknown}
 h - 7 scrolls of magic mapping {unknown}
 j - 2 scrolls of fear {unknown}
 l - 6 scrolls of poison {unknown}
 m - 2 scrolls of vulnerability {unknown}
 p - 4 scrolls of fog {unknown}
 u - a scroll of blinking {unknown}
 w - 2 scrolls of amnesia {unknown}
 y - 2 scrolls of teleportation {unknown}
 L - a scroll of summoning {unknown}
 M - 2 scrolls of noise
 N - 2 scrolls of enchant armour
Potions
 d - 2 potions of cancellation
 e - 6 potions of curing
 f - 2 potions of mutation
 k - a potion of magic {unknown}
 n - 3 potions of haste
 o - 4 potions of lignification
 s - 4 potions of might
 t - 4 potions of brilliance
 x - 3 potions of heal wounds
 C - a potion of flight {unknown}
 G - a potion of berserk rage {unknown}
Miscellaneous
 J - a box of beasts


   Skills:
 * Level 14.0 Fighting
 - Level 15.2 Axes
 + Level 14.8 Armour
 - Level 2.1 Dodging


You had 11 spell levels left.
You didn't know any spells.
Your spell library was empty.

Dungeon Overview and Level Annotations

Branches:
Dungeon (11/15)            Temple (0/1) D:4             Orc (0/2) D:9
Ossuary (visited)
   Lair: D:8-11

Altars:
Elyvilon
Fedhas
Kikubaaqudgha
Nemelex Xobeh
Okawaru
Ru
Sif Muna
Trog
Vehumet
The Shining One

Shops:
D:6 [   D:9 *[?:   D:10 ?

Annotations:
D:4 exclusion: oklob sapling
D:11 Sonja


Innate Abilities, Weirdness & Mutations

You have a pair of horns on your head.
You reflexively headbutt those who attack you in melee.


Message History

You are more poisoned.
You slash Sonja! Your headbutt misses Sonja.
Sonja is moderately wounded.
You feel very sick. Sonja hits you but does no damage.
You are more poisoned.
Sonja hits you but does no damage.
You are more poisoned.
Sonja hits you but does no damage.
You are lethally poisoned!
Your skin crawls.
You feel strong-willed.
You feel extremely sick. Sonja hits you but does no damage. x2
You are lethally poisoned!
Sonja closely misses you. Sonja hits you but does no damage.
You are more poisoned.
Sonja hits you with a +2 dagger of venom.
* * * LOW HITPOINT WARNING * * *
Sonja hits you but does no damage.
You are more poisoned.
* * * LOW HITPOINT WARNING * * *
You feel extremely sick.
Sonja mumbles some strange words.
Sonja blinks!
Sonja throws a curare-tipped dart.
The curare-tipped dart hits you.
You are more poisoned.
You have difficulty breathing.
* * * LOW HITPOINT WARNING * * *
You feel as though you will be slow longer.
You feel much better.
* * * LOW HITPOINT WARNING * * *
You feel extremely sick.
Sonja casts a spell.
Sonja blinks!
* * * LOW HITPOINT WARNING * * *
You feel extremely sick.
A red film seems to cover your vision as you go berserk!
You feel yourself moving faster!
You feel mighty!
You die...

#k...#### #........
#)###.######## #.#
#........# #.#
#.######.#
.#K###.######.####
..........[.....<#
##.###...####.##K#
#...^.....##.##@###
#..##...#.##.##...##.#
.........#?##.ยง.......#
....##...# ##..##.....#
..#.##...# #..# ..##.#
.< ....# #..# ..# # ...#
..# #. ... #. ..##


You could see Sonja.

Vanquished Creatures
  Josephine (D:10)
  2 two-headed ogres (D:9)
  A centaur warrior (D:9)
  A deep elf archer (D:9)
  A manticore (D:11)
  2 ugly things
  An unseen horror (shapeshifter) (D:9)
  A rime drake (D:11)
  An unseen horror (D:10)
  A hornet (D:9)
  4 trolls
  A blink frog (shapeshifter) (D:9)
  Sigmund (D:3)
  2 vampires
  3 shadows
  7 wraiths
  3 wyverns
  32 yaks
  Eustachio (D:4)
  Grum (D:8)
  2 steam dragons
  2 vampire mosquitoes (D:10)
  An acid dragon (D:9)
  Duvessa (D:4)
  3 water moccasins
  3 ice beasts
  7 orc warriors
  5 ogres
  2 black bears (D:6)
  4 wolves
  An ogre (shapeshifter) (D:9)
  4 centaurs
  4 kobold brigands
  A phantom (D:9)
  2 elf zombies (D:5)
  7 bullfrogs
  6 scorpions (D:4)
  2 necrophages
  A gnoll sergeant (D:9)
  2 water moccasin zombies (Ossuary)
  4 elf skeletons (D:5)
  A troll zombie (D:9)
  Dowan (D:4)
  16 killer bees
  2 electric eels (D:9)
  6 howler monkeys
  3 quasits
  3 orc priests (D:9)
  4 hounds
  A gnoll bouda (D:8)
  2 human skeletons (D:5)
  Terence (D:3)
  7 iguanas
  Ijyb (D:3)
  Natasha (thrice) (D:3)
  10 orc wizards
  5 ogre zombies (D:9)
  Robin (D:3)
  2 mummies (Ossuary)
  8 adders
  4 gnolls (D:5)
  4 shadow imps
  5 white imps
  4 ufetubi (D:6)
  3 adder zombies (Ossuary)
  A worm (D:4)
  5 dart slugs
  20 orcs
  13 bats
  4 endoplasms (D:1)
  4 giant cockroaches
  3 gnoll zombies (Ossuary)
  5 hobgoblins
  4 jackals (D:5)
  10 kobolds
  7 quokkas
  6 ball pythons
  4 frilled lizards
  10 goblins
  A goblin skeleton (D:9)
  2 goblin zombies (D:9)
  8 hobgoblin zombies
  4 kobold zombies (Ossuary)
  2 orc skeletons (D:5)
  15 orc zombies
  3 rats
359 creatures vanquished.

Vanquished Creatures (others)
  A demonic plant (D:6)
  7 fungi (D:4)
  27 plants
35 creatures vanquished.

Grand Total: 394 creatures vanquished

Notes
Turn   | Place    | Note
-------+----------+-------------------------------------------
     0 | D:1      | kiwi3s the Minotaur Berserker began the quest for the Orb.
     0 | D:1      | Reached XP level 1. HP: 19/19 MP: 0/0
    19 | D:1      | Reached skill level 4 in Axes
    71 | D:1      | Reached XP level 2. HP: 26/26 MP: 1/1
   255 | D:1      | Reached ** piety under Trog
   292 | D:1      | Reached skill level 5 in Axes
   322 | D:1      | Reached XP level 3. HP: 26/31 MP: 2/2
  1225 | D:2      | Reached skill level 6 in Axes
  1225 | D:2      | Reached XP level 4. HP: 39/39 MP: 3/3
  1592 | D:3      | Noticed Robin
  1597 | D:3      | Noticed Natasha
  1605 | D:3      | Killed Robin
  1607 | D:3      | Killed Natasha
  1643 | D:3      | Noticed Natasha
  1647 | D:3      | Killed Natasha
  1648 | D:3      | Reached skill level 7 in Axes
  1648 | D:3      | Reached XP level 5. HP: 45/45 MP: 4/4
  1673 | D:3      | Found an ancient bone altar of Kikubaaqudgha.
  1680 | D:3      | Noticed Natasha
  1691 | D:3      | Killed Natasha
  1886 | D:3      | Noticed Terence
  1896 | D:3      | Killed Terence
  1974 | D:3      | Noticed Sigmund
  2000 | D:3      | Killed Sigmund
  2001 | D:3      | Reached skill level 8 in Axes
  2001 | D:3      | Reached XP level 6. HP: 51/51 MP: 5/5
  2072 | D:3      | Noticed Ijyb
  2082 | D:3      | Paralysed by Ijyb for 3 turns
  2088 | D:3      | Killed Ijyb
  2089 | D:3      | Reached skill level 9 in Axes
  2649 | D:4      | Reached XP level 7. HP: 35/57 MP: 6/6
  2730 | D:4      | Reached skill level 10 in Axes
  2910 | D:4      | Found a staircase to the Ecumenical Temple.
  2937 | D:4      | Reached *** piety under Trog
  3032 | D:4      | Noticed Dowan
  3032 | D:4      | Noticed Duvessa
  3213 | D:4      | Killed Duvessa
  3217 | D:4      | Reached skill level 11 in Axes
  3344 | D:4      | Killed Dowan
  3350 | D:4      | HP: 2/57 [poisoned by Dowan]
  3492 | D:4      | Noticed Eustachio
  3571 | D:4      | Killed Eustachio
  3572 | D:4      | Reached XP level 8. HP: 32/64 MP: 7/7
  3847 | D:4      | Reached skill level 12 in Axes
  4201 | D:4      | Reached skill level 13 in Axes
  4259 | D:5      | Entered Level 5 of the Dungeon
  4590 | D:5      | Reached skill level 14 in Axes
  4740 | D:5      | Reached XP level 9. HP: 67/70 MP: 8/8
  4795 | D:5      | Found a sand-covered staircase.
  4811 | Ossuary  | Entered an ossuary
  5111 | D:5      | Reached skill level 15 in Axes
  5202 | D:5      | Found a sacrificial altar of Ru.
  5239 | D:5      | Reached **** piety under Trog
  6070 | D:6      | Found Deik's Armour Shoppe.
  6117 | D:6      | Reached skill level 5 in Fighting
  6225 | D:6      | Found a blossoming altar of Fedhas.
  6330 | D:6      | Noticed a green ugly thing
  6344 | D:6      | Killed a green ugly thing
  6345 | D:6      | Reached skill level 5 in Armour
  6770 | D:6      | Found a shimmering blue altar of Sif Muna.
  6781 | D:6      | Found a bloodstained altar of Trog.
  7007 | D:7      | Reached XP level 10. HP: 31/84 MP: 9/9
  8264 | D:8      | Noticed Grum
  8283 | D:8      | Killed Grum
  8561 | D:8      | Identified the +2 leather armour "Rumilig" {rPois Str+2
                  | Int+4}
  8908 | D:8      | Found a glowing golden altar of the Shining One.
  8912 | D:8      | Found a sparkling altar of Nemelex Xobeh.
  8917 | D:8      | Found an iron altar of Okawaru.
  9796 | D:9      | Reached skill level 10 in Armour
  9868 | D:9      | Found Tooqah's Antique Armour Shoppe.
 10041 | D:9      | Bought a pair of boots for 76 gold pieces
 10041 | D:9      | Bought a pair of glowing gloves for 127 gold pieces
 10071 | D:9      | Found Bocach's Book Shoppe.
 10113 | D:9      | Found Lusairea's Assorted Antiques.
 10123 | D:9      | Bought a distressingly furry cloak for 247 gold pieces
 10123 | D:9      | Identified the -1 cloak of the Desolation of Salt {rN+
                  | Will+ Str+3} (You bought it in a shop on level 9 of the
                  | Dungeon)
 10176 | D:9      | Reached XP level 11. HP: 97/99 MP: 4/10
 10292 | D:9      | Reached skill level 10 in Fighting
 10555 | D:9      | Upgraded the game from 0.30-a0-368-g86fb4627a9 to
                  | 0.30-a0-371-gad7725a93e
 10755 | D:9      | Found a radiant altar of Vehumet.
 10821 | D:9      | Noticed a green ugly thing
 10821 | D:9      | Noticed a two-headed ogre
 10831 | D:9      | Noticed a deep elf archer
 10877 | D:9      | Killed a deep elf archer
 11025 | D:9      | Noticed a two-headed ogre
 11090 | D:9      | Killed a two-headed ogre
 11094 | D:9      | Killed a two-headed ogre
 11258 | D:9      | Killed a green ugly thing
 11342 | D:9      | Reached ***** piety under Trog
 11817 | D:9      | Found Qaisijoo's Magic Scroll Emporium.
 11869 | D:9      | Bought a scroll of identify for 26 gold pieces
 11869 | D:9      | Bought a scroll of identify for 26 gold pieces
 11869 | D:9      | Bought a scroll of identify for 26 gold pieces
 11957 | D:9      | Received a gift from Trog
 12223 | D:9      | Found a staircase to the Orcish Mines.
 12425 | D:9      | Noticed a centaur warrior
 12448 | D:9      | Killed a centaur warrior
 12449 | D:9      | Reached XP level 12. HP: 36/113 MP: 0/11
 12829 | D:10     | Entered Level 10 of the Dungeon
 12867 | D:10     | Noticed Josephine
 12882 | D:10     | Killed Josephine
 13170 | D:10     | Found a white marble altar of Elyvilon.
 13691 | D:10     | Found Juynt's Magic Scroll Emporium.
 13695 | D:10     | Bought a scroll of enchant armour for 97 gold pieces
 13695 | D:10     | Bought a scroll of noise for 13 gold pieces
 14926 | D:11     | Noticed Sonja
 15174 | D:11     | HP: 4/117 [poisoned by Sonja (curare-tipped dart)]
 15175 | D:11     | Succumbed to Sonja's curare-tipped dart

Illustrated notes

Levels and vault maps discovered:
D:1:      dpeg_arrival_tiny_c, layout_basic, chequers_big_river
D:2:      layout_basic
D:3:      layout_rooms, amcnicky_altar_gilded, hex_intersection, uniq_sigmund,
          uniq_natasha, uniq_terence, uniq_ijyb, uniq_robin
D:4:      old_forge, layout_basic, minmay_temple_entry_oklob,
          gammafunk_ghost_grave, uniq_eustachio, uniq_duvessa
D:5:      layout_cave_pools, nicolae_ru_the_path_less_chosen,
          nicolae_ossuary_entry_catacombs
D:6:      layout_cave_pools, nzn_overflow_gifts_of_might_and_magic,
          mainiacjoe_overflow_cross_hatched, serial_demonic, serial_demonic_a,
          serial_demonic_g, serial_demonic_f, serial_demonic_c,
          serial_demonic_b, serial_demonic_c, serial_demonic_c,
          serial_demonic_b, serial_demonic_g, serial_demonic_e,
          nicolae_stop_n_shop_1, minmay_manual_maat
D:7:      layout_basic, grunt_ministairs_10
D:8:      layout_basic, grunt_temple_overflow_diamond, minmay_joined_circles,
          uniq_grum
D:9:      nzn_winding_woodlands_large [nzn_winding_woodlands_5x5_open_star,
          nzn_winding_woodlands_5x15_pockets, nzn_winding_woodlands_5x5_three,
          nzn_winding_woodlands_center_lodge,
          nzn_winding_woodlands_15x15_eel_pit,
          nzn_winding_woodlands_center_garden, nzn_winding_woodlands_hourglass,
          nzn_winding_woodlands_5x15_cabin,
          nzn_winding_woodlands_5x5_perimeter], layout_gridville,
          vehumet_altar_wand_db, zombieorc1_lemuel, serial_shops,
          nicolae_diamond_shop, shop, nicolae_lakefront_shop, shop,
          grunt_ministairs_7, serial_bayou_crossing
D:10:     layout_stronghold, mainiacjoe_overflow_alcove_4, serial_shops, shop,
          uniq_josephine
D:11:     layout_loops_ring, hellmonk_lair_entry_icy, uniq_nergalle, uniq_sonja

Skill      XL: |  1  2  3  4  5  6  7  8  9 10 11 12 |
---------------+-------------------------------------+-----
Axes           | 4 5 6 7 8 9 11 14 15 | 15.2
Fighting       | 6 9 12 14 | 14.0
Armour         | 6 10 13 14 | 14.8
Dodging        | |  2.1

Action                   |  1- 3 |  4- 6 |  7- 9 | 10-12 || total
-------------------------+-------+-------+-------+-------++-------
Melee: Hand axe          |    71 |    81 |   498 |   792 ||  1442
       Headbutt          |    11 |     6 |    95 |   194 ||   306
       Punch             |     2 |       |     7 |    14 ||    23
Throw: Throwing net      |       |       |     2 |     1 ||     3
Invok: Berserk           |       |     3 |     4 |    10 ||    17
       Trog's Hand       |       |     1 |       |     2 ||     3
  Use: Scroll            |       |       |       |     7 ||     7
       Potion            |       |       |       |     6 ||     6
Armor: Animal skin       |    13 |       |       |       ||    13
       Scale mail        |     9 |    21 |       |       ||    30
       Chain mail        |       |     8 |   123 |       ||   131
       Plate armour      |       |       |   104 |   494 ||   598
Dodge: Dodged            |    39 |    44 |   147 |   241 ||   471

Table legend: (Time is in decaauts)
 A = Elapsed time spent in this place.
 B = Non-inter-level travel time spent in this place.
 C = Inter-level travel time spent in this place.
 D = Time resting spent in this place.
 E = Time spent auto-exploring this place.
 F = Levels seen in this place.
 G = Mean time per level.
                   A        B        C        D        E       F      G
               +--------+--------+--------+--------+--------+-----+--------+
         Total |  14900 |  14531 |    369 |   4155 |   8274 |  12 | 1241.7 |
       Dungeon |  14664 |  14295 |    369 |   4155 |   8109 |  11 | 1333.1 |
       Ossuary |    236 |    236 |      0 |      0 |    165 |   1 |  236.0 |
               +--------+--------+--------+--------+--------+-----+--------+

Top non-repeatable levels by time:
     D:9: 2842 daAuts
     D:4: 1982 daAuts
    D:10: 1943 daAuts
     D:8: 1707 daAuts
     D:7: 1315 daAuts
     D:3: 1145 daAuts
     D:1: 1112 daAuts
     D:6: 938 daAuts
     D:5: 826 daAuts
     D:2: 494 daAuts
    D:11: 358 daAuts
 Ossuary: 236 daAuts
